FIQ, lawful female dwarven Valkyrie ---- ----- ---- |..-- |...----|..| |...-----.....--..-- --.................---- ----.------..........| |...| --.........|------ ---.--- |..|......--.--.------ |...| ---|.............|...| ---@- --...............%.| |Gs. --..................| ---. |..................-- ---..---.---..|...-- ---- -----.---..| |..| ---- |..| ---- FIQ the Stripling Experience level: 2 Strength: 17 Dexterity: 14 Constitution: 19 Intelligence: 8 Wisdom: 10 Charisma: 7 Health: 0(30) Energy: 3(3) Def: 4 Gold: 262 Moves: 1828 Dungeon seed: 4Pvxpc0ZyhsT6aB7 Game ID: FIQ_1464778367 Your Inventory: Coins $ - 262 gold pieces Weapons a - a +1 long sword (weapon in hand) h - a +0 dagger Armor e - an uncursed +3 small shield (being worn) Comestibles i - 2 uncursed lichen corpses u - an uncursed cream pie Scrolls p - a blessed scroll of remove curse q - a blessed scroll of enchant armor s - an uncursed scroll of food detection z - an uncursed scroll of earth Potions t - an uncursed potion of gain energy Tools b - an uncursed sack k - an uncursed lock pick l - an uncursed oil lamp (lit) (0:993) y - an uncursed brass lantern (0:1083) Contents of the sack: 2 uncursed food rations an uncursed lichen corpse an uncursed scroll of confuse monster an uncursed scroll of magic mapping a cursed spellbook of knock an uncursed spellbook of remove curse an uncursed potion of oil a cursed ring of protection from shape changers Spells and supernatural/magical abilities: Name Level Category Fail Memory W - pray for help -- divine ? -- Your skills at the end: Fighting Skills wands [Basic] Weapon Skills dagger [Basic] long sword [Basic] Spellcasting Skills Final Attributes: You were piously aligned. You were cold resistant. You had infravision. You were stealthy. You are dead. Vanquished creatures: a hill orc 6 coyotes a hobbit a yellow mold 7 gnomes 17 garter snakes 2 jackals 2 foxes a goblin 2 sewer rats a grid bug 3 lichens 5 newts 49 creatures vanquished. Voluntary challenges: You used a wielded weapon 19 times, starting on turn 9. You read items or engraved 11 times, starting on turn 56. You never genocided any monsters. You never polymorphed an object. You never changed form. You used no wishes. You never split a pudding. You wrote Elbereth's name 10 times, starting on turn 1597. You never violated your personal moral code. Dungeon overview: The Dungeons of Doom: levels 1 to 2 Level 1 a fountain a long staircase Level 2 stairs to The Gnomish Mines The Gnomish Mines: levels 3 to 7 Level 3 stairs to The Dungeons of Doom Level 4 Level 5 Level 6 Level 7 <- You were here History has recorded: On T:1 you entered the Dungeons of Doom to retrieve the Amulet of Yendor! On T:329 you reached level 2 of The Dungeons of Doom. On T:703 you reached level 1 of The Gnomish Mines. On T:1094 you reached level 2 of The Gnomish Mines. On T:1107 you advanced to experience level 2. On T:1650 you reached level 4 of The Gnomish Mines. On T:1692 you reached level 5 of The Gnomish Mines. Score breakdown: Gold: 262 ( 8231 points) Experience: 2 levels ( 5570 points) Exploration: 7 levels ( 14.58%) (10718 points) Discoveries: 0 items ( 0.00%) ( 0 points) Valuables value: (no points given unless you survive) Artifact value: 0 ( 0 points) Variety of kills: 13 monsters ( 3.39%) ( 5527 points) Turncount: 1828 turns ( 0 points) Survival: died (score multiplied by 80%) Total score: 24036 Latest messages: A trap door opens up under you! A dwarf blocks your way. A dwarf blocks your way. You are beginning to feel hungry. You stop exploring. z - a scroll labeled VERR YED HORRE. Your lamp is now on. You see here 2 candy bars. You hear a chugging sound. You stop exploring. You hit the giant spider! The giant spider bites! You miss the giant spider. The giant spider bites! You miss the giant spider. The giant spider bites! The giant spider's bite was poisoned! The giant spider bites! You die... For some reason, you think that you can almost hear the Wizard laugh manically... Final status: Farvel FIQ the Valkyrie, killed by a giant spider... You died in The Gnomish Mines on dungeon level 7 with 24036 points, and 262 pieces of gold, after 1828 moves. You were level 2 with a maximum of 30 hit points when you died.